 Dungeon Crawl Stone Soup version 0.26-a0-651-gb41185065b (webtiles) character file.

Game seed: 7447191210484380771

7170 Ozzies the Fighter (level 10, -20/96 HPs)
             Began as a Minotaur Fighter on Oct 13, 2020.
             Was a High Priest of Okawaru.
             Demolished by a white ugly thing (24 damage)
             ... on level 10 of the Dungeon.
             The game lasted 00:13:14 (8437 turns).

Ozzies the Fighter (Minotaur Fighter)               Turns: 8437, Time: 00:13:15

Health: -20/96     AC: 12    Str: 23    XL:     10   Next: 86%
Magic:  13/13      EV: 11    Int:  5    God:    Okawaru [*****.]
Gold:   670        SH: 11    Dex: 11    Spells: 9/9 levels left

rFire    + . .     SeeInvis .   Y - +4 morningstar
rCold    . . .     Faith    .   c - +0 kite shield
rNeg     . . .     Spirit   .   b - +0 scale mail
rPois    .         Reflect  .   (helmet restricted)
rElec    .         Harm     .   M - +0 cloak
rCorr    .         Rampage  .   U - +0 pair of gloves
MR       +....                  o - +0 pair of boots
Stlth    ..........             e - amulet of regeneration
HPRegen  0.66/turn              F - ring of protection from magic
MPRegen  0.13/turn              k - ring of protection from fire

@: no status effects
A: retaliatory headbutt, horns 2
a: Heroism, Finesse, Renounce Religion


You were on level 10 of the Dungeon.
You worshipped Okawaru.
Okawaru was extremely pleased with you.
You visited 1 branch of the dungeon, and saw 10 of its levels.

You collected 670 gold pieces.

Inventory:

Hand Weapons
 a - a +0 war axe
 O - a +0 mace of protection
 S - a +4 flail
 Y - a +4 morningstar (weapon)
Missiles
 i - 2 throwing nets (quivered) {!f}
Armour
 b - a +0 scale mail (worn)
 c - a +0 kite shield (worn)
 o - a +0 pair of boots (worn)
 t - a +0 tower shield
 M - a +0 cloak (worn)
 Q - a +0 plate armour
 U - a +0 pair of gloves (worn)
Jewellery
 e - an amulet of regeneration (around neck)
 g - an uncursed ring of wizardry
 k - a ring of protection from fire (right hand)
 x - a +4 ring of protection
 A - an uncursed ring of magical power
 B - an uncursed ring of positive energy
 D - an uncursed amulet of magic regeneration
 F - a ring of protection from magic (left hand)
 T - an uncursed ring of fire
 V - an uncursed ring of resist corrosion
 W - a cursed ring of attention {unknown}
Wands
 E - a wand of iceblast (16)
 H - a wand of polymorph (4)
 L - a wand of random effects (36)
 R - a wand of disintegration (16)
Scrolls
 h - 2 scrolls of blinking
 j - a scroll of identify {@r1}
 m - 2 scrolls of immolation
 n - a scroll of amnesia
 p - 2 scrolls of enchant weapon
 q - 7 scrolls of teleportation
 u - 4 scrolls of enchant armour
 w - 3 scrolls of magic mapping
 y - 3 scrolls of fear
 C - 7 scrolls of remove curse {@r2}
Potions
 d - 5 potions of might {@q3 !q}
 f - 3 potions of curing
 l - 2 potions of brilliance {unknown}
 r - a potion of ambrosia {unknown}
 s - 2 potions of haste
 v - 3 potions of degeneration
 z - a potion of mutation {unknown}
 G - a potion of flight {unknown}
 I - 2 potions of heal wounds {unknown}
 J - a potion of stabbing {unknown}
 N - a potion of lignification {unknown}


   Skills:
 * Level 11.3 Fighting
 * Level 9.8 Axes
 + Level 8.1 Armour
 + Level 5.4 Dodging
 + Level 8.1 Shields
 * Level 5.7 Invocations


You had 9 spell levels left.
You didn't know any spells.
Your spell library contained the following spells:

 Spells                   Type           Power        Failure   Level
 Magic Dart               Conj           #...         96%         1
 Blink                    Tloc           N/A          99%         2
 Call Imp                 Summ           #.......     99%         2
 Slow                     Hex            #.......     99%         2
 Conjure Flame            Conj/Fire      #.......     100%        3
 Mephitic Cloud           Conj/Pois/Air  #.......     100%        3


Dungeon Overview and Level Annotations

Branches:
Dungeon (10/15)            Temple (0/1) D:7            Lair (0/6) D:9
    Orc: D:9-12

Altars:
Cheibriados
Elyvilon
Kikubaaqudgha
Nemelex Xobeh
Okawaru
Qazlal
Trog
Vehumet
Xom
Yredelemnul

Shops:
D:6 }


Innate Abilities, Weirdness & Mutations

You reflexively headbutt those who attack you in melee.
You have a pair of horns on your head.


Message History

Found 7 gold pieces.
You puncture the orc!
You kill the orc!
Okawaru accepts your kill.
No target in view!
No target in view!
No target in view!
No target in view!
No target in view!
No target in view!
No target in view!
No target in view!
No target in view!
No target in view!
No target in view!
No target in view!
No target in view!
No target in view!
No target in view!
No target in view!
No target in view!
Things that are here:
a cursed -1 hand axe; an orc corpse
Things that are here:
a +0 dire flail; 6 boomerangs; a +0 chain mail
Things that are here:
a +0 dagger; a +0 robe; an orc corpse
Found 10 stones.
You now have 670 gold pieces (gained 7).
Found a wand of flame (5).
Found a stone staircase leading up.
Found an escape hatch in the floor.
C - 7 scrolls of remove curse {@r2} (gained 3)
Found an escape hatch in the ceiling.
Found a wand of flame (21).
A white ugly thing comes into view.
A white ugly thing is nearby!
A white ugly thing is nearby!
A white ugly thing is nearby!
You barely miss the white ugly thing.
Your headbutt misses the white ugly thing.
The white ugly thing barely misses you.
You sock the white ugly thing! You headbutt the white ugly thing!
The white ugly thing is moderately wounded.
You block the white ugly thing's attack.
You hit the white ugly thing but do no damage.
The white ugly thing is moderately wounded.
The white ugly thing closely misses you.
You furiously retaliate!
You headbutt the white ugly thing, but do no damage.
You hit the white ugly thing.
You headbutt the white ugly thing, but do no damage.
The white ugly thing is moderately wounded.
The white ugly thing tentacle-slaps you but does no damage.
You block the white ugly thing's attack.
You hit the white ugly thing.
Your headbutt misses the white ugly thing.
The white ugly thing is heavily wounded.
You block the white ugly thing's attack.
You hit the white ugly thing.
Your headbutt misses the white ugly thing.
The white ugly thing is heavily wounded.
The white ugly thing tentacle-slaps you.
The white ugly thing freezes you!!
You completely miss the white ugly thing.
Your headbutt misses the white ugly thing.
The white ugly thing is heavily wounded.
The white ugly thing tentacle-slaps you.
The white ugly thing freezes you!!
You are too injured to fight recklessly!
You are too injured to fight recklessly!
You are too injured to fight recklessly!
You are too injured to fight recklessly!
You are too injured to fight recklessly!
You are too injured to fight recklessly!
You are too injured to fight recklessly!
You are too injured to fight recklessly!
You are too injured to fight recklessly!
You are too injured to fight recklessly!
You are too injured to fight recklessly!
You are too injured to fight recklessly!
You are too injured to fight recklessly!
You are too injured to fight recklessly!
You are too injured to fight recklessly!
You are too injured to fight recklessly!
You are too injured to fight recklessly!
You are too injured to fight recklessly!
You are too injured to fight recklessly!
You bludgeon the white ugly thing!!
The white ugly thing is almost dead.
The white ugly thing tentacle-slaps you.
The white ugly thing freezes you!!
* * * LOW HITPOINT WARNING * * *
You block the white ugly thing's attack.
Okay, then.
You feel better.
The white ugly thing tentacle-slaps you!
* * * LOW HITPOINT WARNING * * *
The white ugly thing freezes you!!
You die...

###### ###.../. #.
#....... ....
##.....## ###....
#.......###........
#........##.........
#....<..............#
........u@...........#
......................
..........#...........
...#.....##...........
.. ##.>...#...........
. #..................
##..................
#........#.#####.../.
##....#.....##.#......


You could see a white ugly thing.

Vanquished Creatures
  2 two-headed ogres
  An ugly thing (D:8)
  A komodo dragon (D:9)
  2 hippogriffs
  2 wyverns
  A steam dragon (D:9)
  A water moccasin (D:8)
  3 orc warriors
  An ice beast (D:5)
  A black bear (D:10)
  A phantom (D:8)
  A sky beast (D:7)
  5 ogres
  3 centaurs
  A crocodile (D:8)
  9 bullfrogs
  A gnoll sergeant (D:10)
  A wyvern skeleton (D:10)
  2 scorpions
  The ghost of emiel the Sneak, a weakling MiDe (D:5)
  3 killer bees (D:8)
  7 wights
  5 howler monkeys (D:9)
  A centaur zombie (D:10)
  3 hounds
  2 centaur skeletons
  3 jellies
  Crazy Yiuf (D:6)
  6 orc priests
  5 iguanas
  2 bullfrog skeletons
  8 orc wizards
  5 worker ants
  A statue (D:7)
  A hound zombie (D:6)
  2 hound skeletons
  A howler monkey zombie (D:6)
  10 gnolls
  18 adders
  A shadow imp (D:5)
  2 white imps
  An ufetubus (D:6)
  2 oozes
  7 worms
  4 dart slugs
  4 leopard geckos
  31 orcs
  3 giant cockroaches
  9 goblins
  4 hobgoblins
  2 jackals (D:4)
  2 quokkas
  3 ball pythons
  3 bats
  6 frilled lizards
  2 jackal skeletons
  9 kobolds
  A leopard gecko skeleton (D:6)
  7 rats
227 creatures vanquished.

Vanquished Creatures (others)
  An ice beast (D:10)
  A gnoll (D:10)
  13 plants (D:9)
  4 toadstools (D:1)
19 creatures vanquished.

Grand Total: 246 creatures vanquished

Notes
Turn   | Place    | Note
-------+----------+-------------------------------------------
     0 | D:1      | Ozzies the Minotaur Fighter began the quest for the Orb.
     0 | D:1      | Reached XP level 1. HP: 19/19 MP: 0/0
   199 | D:1      | Reached skill level 4 in Fighting
   199 | D:1      | Reached XP level 2. HP: 13/28 MP: 1/1
   671 | D:1      | Reached XP level 3. HP: 34/34 MP: 2/2
  1033 | D:2      | Reached skill level 5 in Fighting
  1068 | D:2      | Reached XP level 4. HP: 24/42 MP: 3/3
  1295 | D:2      | Found a white marble altar of Elyvilon.
  1727 | D:3      | Reached skill level 6 in Fighting
  1799 | D:3      | Reached XP level 5. HP: 46/50 MP: 4/4
  2420 | D:3      | Reached skill level 7 in Fighting
  2613 | D:4      | Reached XP level 6. HP: 48/60 MP: 5/5
  2657 | D:4      | Found an iron altar of Okawaru.
  2676 | D:4      | Became a worshipper of Warmaster Okawaru
  2835 | D:4      | Reached skill level 1 in Dodging
  3187 | D:5      | Entered Level 5 of the Dungeon
  3226 | D:5      | Found a transporter.
  3267 | D:5      | Found a transporter.
  3336 | D:5      | Found a bloodstained altar of Trog.
  3363 | D:5      | Noticed an ice beast
  3371 | D:5      | Killed an ice beast
  3371 | D:5      | Reached skill level 5 in Axes
  3371 | D:5      | Reached XP level 7. HP: 67/67 MP: 6/6
  3380 | D:5      | Found a snail-covered altar of Cheibriados.
  3449 | D:5      | Found a runed translucent door.
  3451 | D:5      | Noticed emiel's ghost (weakling MiDe)
  3714 | D:5      | Found a runed translucent door.
  3771 | D:5      | Reached skill level 8 in Fighting
  3783 | D:5      | Killed emiel's ghost
  4012 | D:6      | Reached * piety under Okawaru
  4106 | D:6      | Found a runed translucent door.
  4107 | D:6      | Noticed Crazy Yiuf
  4158 | D:6      | Reached skill level 5 in Armour
  4158 | D:6      | Reached skill level 5 in Shields
  4158 | D:6      | Reached XP level 8. HP: 75/75 MP: 7/7
  4161 | D:6      | Found an iron altar of Okawaru.
  4239 | D:6      | Found a sparkling altar of Nemelex Xobeh.
  4352 | D:6      | Found Sumom's Gadget Shoppe.
  4435 | D:6      | Reached skill level 1 in Invocations
  4477 | D:6      | Reached ** piety under Okawaru
  4560 | D:6      | Noticed a two-headed ogre
  4670 | D:6      | Killed a two-headed ogre
  4670 | D:6      | Reached *** piety under Okawaru
  4670 | D:6      | Reached skill level 9 in Fighting
  4670 | D:6      | Reached XP level 9. HP: 28/84 MP: 8/10
  5457 | D:6      | Killed Crazy Yiuf
  6047 | D:7      | Found a staircase to the Ecumenical Temple.
  6232 | D:7      | Found a radiant altar of Vehumet.
  6243 | D:7      | Reached skill level 10 in Fighting
  6669 | D:8      | Reached **** piety under Okawaru
  6888 | D:8      | Noticed a purple ugly thing
  6897 | D:8      | Killed a purple ugly thing
  6897 | D:8      | Reached XP level 10. HP: 67/94 MP: 10/12
  6983 | D:8      | Found an ancient bone altar of Kikubaaqudgha.
  7000 | D:8      | Noticed a two-headed ogre
  7011 | D:8      | Killed a two-headed ogre
  7013 | D:8      | HP: 4/94 [wyvern (13)]
  7386 | D:9      | Reached ***** piety under Okawaru
  7386 | D:9      | Reached skill level 5 in Dodging
  7394 | D:9      | Reached skill level 5 in Invocations
  7488 | D:9      | Reached skill level 11 in Fighting
  7529 | D:9      | Found a staircase to the Lair.
  7703 | D:9      | Found a stormy altar of Qazlal.
  7957 | D:9      | Found a basalt altar of Yredelemnul.
  8121 | D:10     | Entered Level 10 of the Dungeon
  8319 | D:10     | Found a shimmering altar of Xom.
  8424 | D:10     | Noticed a white ugly thing
  8437 | D:10     | HP: 4/96 [white ugly thing (12)]
  8437 | D:10     | Demolished by a white ugly thing

Illustrated notes

Levels and vault maps discovered:
D:1:      ldierk_walled_garden_2, layout_basic
D:2:      layout_loops_cross, lemuel_doored_altar, grunt_ministairs_7
D:3:      layout_basic
D:4:      layout_rooms, okawaru_gym_becter
D:5:      gammafunk_wand_slinger, layout_basic, slow_altar_1,
          kennysheep_mini_moat, ebering_ghost_sewer_f, lemuel_old_faithful
D:6:      layout_loops_ring, lemuel_crystal_altar,
          nemelex_xobeh_ov_fountains_minmay, serial_shops, shop,
          nzn_random_ring, uniq_crazy_yiuf_cottage
D:7:      layout_basic, vehumet_statue, minmay_temple_entry_statues_fountains
D:8:      layout_cave_pods, marbit_many_paths
D:9:      layout_cave_pools, kennysheep_mini, kennysheep_little_box,
          david_lair_shrubbed, columned_hall_lemuel
D:10:     layout_cave_pools, minmay_orc_entry_guard_dogs, basic_altar

Skill      XL: |  1  2  3  4  5  6  7  8  9 10 |
---------------+-------------------------------+-----
Fighting       | 4 5 6 7 8 9 10 11 | 11.3
Axes           | 3 4 5 6 7 8 9 |  9.8
Armour         | 4 5 7 8 |  8.1
Dodging        | 1 2 3 4 5 |  5.4
Shields        | 4 5 7 8 |  8.1
Invocations    | 3 4 5 |  5.7

Action                   |  1- 3 |  4- 6 |  7- 9 | 10-12 || total
-------------------------+-------+-------+-------+-------++-------
Melee: War axe           |    58 |   147 |   131 |       ||   336
       Headbutt          |     9 |    25 |    66 |    38 ||   138
       Mace              |       |       |   154 |       ||   154
       Flail             |       |       |    22 |   108 ||   130
       Morningstar       |       |       |       |    76 ||    76
  Use: Scroll            |       |       |     8 |     7 ||    15
       Potion            |       |       |       |     2 ||     2
Armor: Scale mail        |    18 |    55 |   142 |    86 ||   301
Dodge: Dodged            |    16 |    33 |   169 |   100 ||   318
Block: Kite shield       |    29 |    80 |   187 |   146 ||   442

Table legend: (Time is in decaauts)
 A = Elapsed time spent in this place.
 B = Non-inter-level travel time spent in this place.
 C = Inter-level travel time spent in this place.
 D = Time resting spent in this place.
 E = Time spent auto-exploring this place.
 F = Levels seen in this place.
 G = Mean time per level.
                   A        B        C        D        E       F      G
               +--------+--------+--------+--------+--------+-----+--------+
         Total |   8641 |   8260 |    381 |    745 |   5913 |  10 |  864.1 |
       Dungeon |   8641 |   8260 |    381 |    745 |   5913 |  10 |  864.1 |
               +--------+--------+--------+--------+--------+-----+--------+

Top non-repeatable levels by time:
     D:6: 1695 daAuts
     D:8: 1045 daAuts
     D:1: 1022 daAuts
     D:3: 912 daAuts
     D:9: 861 daAuts
     D:5: 826 daAuts
     D:7: 752 daAuts
     D:2: 721 daAuts
     D:4: 599 daAuts
    D:10: 204 daAuts
